 Dungeon Crawl Stone Soup version 0.21.1-1-g345015f (webtiles) character file.

314 Fortress the Cudgeler (level 6, 0/61 HPs)
             Began as a Troll Fighter on June 14, 2018.
             Slain by Pikel
             ... wielding a +1 whip of flaming
              (2 damage)
             ... on level 4 of the Dungeon.
             The game lasted 00:23:02 (3009 turns).

Fortress the Cudgeler (Troll Fighter)               Turns: 3009, Time: 00:23:03

Health: 0/61       AC:  1    Str: 30    XL:     6   Next: 19%
Magic:  5/5        EV:  9    Int:  4    God:
Gold:   111        SH: 13    Dex: 11    Spells: 5/5 levels left

rFire    . . .     SeeInvis .   a - +0 flail
rCold    . . .     Gourm    +   c - +0 shield
rNeg     . . .     Faith    .   b - +0 robe
rPois    .         Spirit   .   (helmet restricted)
rElec    .         Reflect  +   (no cloak)
rCorr    .         Harm     .   (gloves unavailable)
MR       .....                  (boots unavailable)
Stlth    +.........             k - +3 amulet of reflection
HPRegen  0.60/turn              (no ring)
MPRegen  0.09/turn              (no ring)

@: mighty, about to teleport, corroded
A: large, unfitting armour, claws 3, fast metabolism 3, gourmand, regeneration
1, shaggy fur 1, tough skin 2
a: no special abilities


You were on level 4 of the Dungeon.
You were full.

You visited 1 branch of the dungeon, and saw 4 of its levels.

You collected 111 gold pieces.

Inventory:

Hand Weapons
 a - a +0 flail (weapon)
 p - a +2 war axe of electrocution
Missiles
 e - 123 stones (quivered)
 g - 55 arrows
 l - 29 bolts
 m - 5 needles of sleeping
 q - 4 tomahawks of returning
Armour
 b - a +0 robe (worn)
 c - a +0 shield (worn)
Jewellery
 k - a +3 amulet of reflection (around neck)
 x - an uncursed amulet of regeneration {unknown}
Scrolls
 s - a scroll of magic mapping {unknown}
 t - a scroll of enchant weapon {unknown}
 u - 3 scrolls of fog {unknown}
 v - a scroll of identify
 y - a scroll of remove curse
 z - a scroll of amnesia
Potions
 d - a potion of might
 i - 4 potions of curing
 j - a potion of agility {unknown}
 n - 2 potions of heal wounds {unknown}
 o - 3 potions of degeneration {unknown}
 w - a potion of cancellation {unknown}
Comestibles
 f - 8 rations


   Skills:
 + Level 3.1 Fighting
 + Level 3.8 Maces & Flails
 + Level 3.4 Dodging
 + Level 3.5 Shields


You had 5 spell levels left.
You didn't know any spells.

Dungeon Overview and Level Annotations

Branches:
Dungeon (4/15)
 Temple: D:4-7

Altars:

Annotations:
D:4 Pikel


Innate Abilities, Weirdness & Mutations

You are too large for most types of armour.
You have claws for hands.
Your metabolism is lightning-fast.
You like to eat raw meat.
Your natural rate of healing is unusually fast.
You are covered in fur. (AC +1)
You have very tough skin. (AC +2)


Message History

The hound bites you but does no damage.
You bludgeon the hound!!
You kill the hound!
You sock Pikel!
Pikel is lightly wounded.
Pikel zaps a wand.
The bolt of acid hits you! The acid corrodes you!
You are splashed with acid!
The acid burns!
* * * LOW HITPOINT WARNING * * *
It is a wand of acid (5).
As you read the scroll of teleportation, it crumbles to dust.
You feel strangely unstable. Pikel hits you with a whip of flaming!
* * * LOW HITPOINT WARNING * * *
Pikel burns you.
* * * LOW HITPOINT WARNING * * *
You sock Pikel!
Pikel is severely wounded.
Pikel hits you with a whip of flaming.
* * * LOW HITPOINT WARNING * * *
Pikel burns you.
You die...

# #########
K #........
#.
#@###.### .
#.## #K#
..p .p. #[#
.#...#.##.#
.=...p....#
##.###.#..#
#.....#
.........
..........#


You could see Pikel.

Vanquished Creatures
  4 slaves
  An orc priest (D:2)
  A centaur skeleton (D:4)
  A hound (D:4)
  An orc wizard (D:2)
  Jessica (D:2)
  6 adders
  A worm (D:2)
  13 dart slugs
  2 leopard geckos (D:2)
  4 orcs
  6 bats
  3 giant cockroaches (D:3)
  8 goblins
  5 hobgoblins
  14 jackals
  5 kobolds
  A quokka (D:2)
  A ball python (D:3)
  2 frilled lizards
  12 rats
92 creatures vanquished.

Vanquished Creatures (others)
  4 toadstools (D:1)
4 creatures vanquished.

Grand Total: 96 creatures vanquished

Notes
Turn   | Place    | Note
-------+----------+-------------------------------------------
     0 | D:1      | Fortress the Troll Fighter began the quest for the Orb.
     0 | D:1      | Reached XP level 1. HP: 22/22 MP: 0/0
   224 | D:1      | Reached XP level 2. HP: 28/29 MP: 1/1
  1082 | D:2      | Reached XP level 3. HP: 32/36 MP: 2/2
  1387 | D:2      | Reached XP level 4. HP: 35/44 MP: 3/3
  1749 | D:2      | Noticed Jessica
  1757 | D:2      | Killed Jessica
  2129 | D:2      | Reached XP level 5. HP: 14/52 MP: 4/4
  2876 | D:4      | Reached XP level 6. HP: 46/61 MP: 5/5
  2877 | D:4      | Noticed a slave
  2877 | D:4      | Noticed a slave
  2877 | D:4      | Noticed a slave
  2878 | D:4      | Noticed a slave
  2879 | D:4      | Noticed Pikel
  2891 | D:4      | Killed a slave
  2911 | D:4      | Killed a slave
  2923 | D:4      | Killed a slave
  2946 | D:3      | Killed a slave
  3009 | D:4      | HP: 2/61 [Pikel/whip of flaming (5)]
  3009 | D:4      | Slain by Pikel

Skill      XL: |  1  2  3  4  5 |
---------------+----------------+-----
Maces & Flails | 2 3 |  3.8
Dodging        | 3 |  3.4
Shields        | 3 |  3.5
Fighting       | 3 |  3.1

Action                   |  1- 3 |  4- 6 || total
-------------------------+-------+-------++-------
Melee: Flail             |   112 |   257 ||   369
  Use: Scroll            |     6 |     3 ||     9
       Potion            |       |     1 ||     1
  Eat: Chunk             |    18 |    14 ||    32
Armor: Robe              |    53 |    73 ||   126
Dodge: Dodged            |    51 |    84 ||   135
Block: Shield            |    66 |   170 ||   236
       Reflection        |       |     6 ||     6
